 Dungeon Crawl Stone Soup version 0.16-a0-1120-gd281f79 (webtiles) character file.

188 Ololoev the Slasher (level 5, -3/61 HPs)
             Began as a Centaur Gladiator on Oct 6, 2014.
             Was an Initiate of Okawaru.
             Slain by Ololoev's ghost (6 damage)
             ... on level 5 of the Dungeon.
             The game lasted 00:09:33 (4344 turns).

Ololoev the Slasher (Centaur Gladiator)             Turns: 4344, Time: 00:09:34

Health: -3/61      AC: 22    Str: 17    XL:     5   Next: 39%
Magic:  4/4        EV:  1    Int:  7    God:    Okawaru [......]
Gold:   211        SH:  0    Dex: 11    Spells: 0 memorised, 4 levels left

rFire  . . .     SeeInvis .     a - +0 long sword
rCold  + . .     Clarity  .     b - melded +0 leather armour
rNeg   + + +     SustAb   .     (no shield)
rPois  +         Gourm    .     D - melded +0 helmet
rElec  .         Spirit   .     (cloak currently unavailable)
rCorr  .         Warding  .     (gloves currently unavailable)
rMut   +         NoTele   +     (no barding)
MR     .....                    x - amulet of resist mutation
Stlth  +.........               y - ring of protection from cold
                                (no ring)

@: tree-form, not resistant to hostile enchantments, very unstealthy
A: (hooves 0), (deformed body), (speed 0), (tough skin 0)
a: Renounce Religion


You were on level 5 of the Dungeon.
You worshipped Okawaru.
Okawaru was noncommittal.
You were very hungry.
You were a tree.
You visited 1 branch of the dungeon, and saw 5 of its levels.

You collected 211 gold pieces.

Inventory:

Hand weapons
 a - a +0 long sword (weapon)
 t - a +0 great sword
Missiles
 d - 3 throwing nets (quivered)
 j - 63 arrows
Armour
 b - a +0 leather armour (melded)
 c - a +0 helmet
 D - a +0 helmet (melded)
Magical devices
 s - a wand of magic darts (7)
Comestibles
 f - 4 bread rations
 z - 3 meat rations
 A - a slice of pizza
 C - 2 fruits
Scrolls
 e - 2 scrolls of amnesia
 g - 3 scrolls of noise
 h - a scroll of random uselessness
 l - 2 scrolls of identify
 m - a scroll of enchant weapon {unknown}
 q - a scroll of enchant armour {unknown}
 r - 3 scrolls of remove curse
 v - a scroll of magic mapping {unknown}
Jewellery
 x - an amulet of resist mutation (around neck)
 y - a ring of protection from cold (right branch)
Potions
 i - a potion of heal wounds {unknown}
 k - 2 potions of confusion {unknown}
 n - a potion of agility {unknown}
 o - a potion of lignification
 u - a potion of cancellation {unknown}
 w - a potion of poison {unknown}
 B - a potion of curing {unknown}


   Skills:
 - Level 2.0 Fighting
 + Level 5.6 Long Blades
 - Level 2.6 Throwing
 - Level 2.1 Dodging


You had 4 spell levels left.
You didn't know any spells.

Dungeon Overview and Level Annotations

Branches:
Dungeon (5/15)
 Temple: D:4-7

Altars:
Gozag
Nemelex Xobeh
Okawaru
Qazlal
Vehumet
The Shining One

Annotations:
D:5 Ololoev's ghost, experienced CeGl


Innate Abilities, Weirdness & Mutations

((You have hooves in place of feet.))
((Armour fits poorly on your strangely shaped body.))
((You cover ground very quickly.))
((You have extremely tough skin (AC +3).))


Message History

Read which item? (? for menu, Esc to quit)
As you read the scroll labeled FUOLAN SMEU, it crumbles to dust.
You feel forgetful for a moment.
It was a scroll of amnesia.
Ololoev's ghost hits you.
* * * LOW HITPOINT WARNING * * *
The crimson imp hits you.
* * * LOW HITPOINT WARNING * * *
Read which item? (? for menu, Esc to quit)
As you read the scroll labeled HETZOC RINOTAO, it crumbles to dust.
You experience a momentary feeling of inescapable doom!
It was a scroll of random uselessness.
Ololoev's ghost hits you but does no damage.
The crimson imp hits you but does no damage.
Ololoev's ghost hits you.
* * * LOW HITPOINT WARNING * * *
Read which item? (? for menu, Esc to quit)
As you read the scroll labeled THAONU FONNEFO, it crumbles to dust.
You feel a strange sense of stasis.
It was a scroll of teleportation.
The crimson imp completely misses you. Ololoev's ghost hits you.
You die...

#. #.# .# #. #.#
.# #.##.##.###
..####.....?...##
.........<......#
..##............#
#............#
#.......W....#
##.....5♣..#.#
##.[.#....# #
########....
#...# ...# ###


You could see Ololoev's ghost and a crimson imp.

Vanquished Creatures
  An orc priest (D:4)
  A worker ant (D:4)
  4 adders
  2 worms
  An adder skeleton (D:4)
  3 giant geckos
  2 oozes
  5 orcs (D:4)
  7 bats
  4 giant cockroaches
  10 hobgoblins
  3 jackals (D:3)
  6 kobolds
  4 giant newts
  12 goblins
  A goblin skeleton (D:4)
  6 rats
72 creatures vanquished.

Notes
Turn   | Place    | Note
--------------------------------------------------------------
     0 | D:1      | Ololoev, the Centaur Gladiator, began the quest for the Orb.
     0 | D:1      | Reached XP level 1. HP: 17/17 MP: 1/1
    51 | D:1      | Reached skill level 3 in Long Blades
   244 | D:1      | Reached XP level 2. HP: 18/24 MP: 2/2
  1087 | D:2      | Found a radiant altar of Vehumet.
  1168 | D:2      | Reached XP level 3. HP: 29/29 MP: 3/3
  1173 | D:2      | Found a glowing golden altar of the Shining One.
  1214 | D:2      | Found an iron altar of Okawaru.
  1229 | D:2      | Became a worshipper of Warmaster Okawaru
  1411 | D:2      | Reached skill level 4 in Long Blades
  2495 | D:3      | Reached XP level 4. HP: 33/36 MP: 3/3
  2682 | D:3      | Found an opulent altar of Gozag.
  3432 | D:4      | Reached skill level 5 in Long Blades
  3506 | D:4      | Found a stormy altar of Qazlal.
  3544 | D:4      | Reached XP level 5. HP: 30/41 MP: 4/4
  3968 | D:4      | Found a sparkling altar of Nemelex Xobeh.
  4310 | D:5      | Entered Level 5 of the Dungeon
  4330 | D:5      | Noticed Ololoev's ghost (experienced CeGl)
  4343 | D:5      | HP: 3/61 [Ololoev's ghost (5)]
  4344 | D:5      | Slain by Ololoev's ghost

Action                   |  1- 3 |  4- 6 || total
-------------------------+-------+-------++-------
Melee: Long sword        |   154 |   130 ||   284
Evoke: Wand              |     1 |     5 ||     6
  Use: Scroll            |       |     5 ||     5
       Potion            |       |     1 ||     1
  Eat: Chunk             |     3 |     5 ||     8
